 Dungeon Crawl Stone Soup version 0.31.0-9-g3a7656b989 (webtiles) character file.

Game seed: 13092766898422310680

35 qw the Shooter (level 3, 0/20 HPs)
             Began as a Deep Elf Hunter on Feb 2, 2024.
             Succumbed to their own poison gas
             ... on level 1 of the Dungeon.
             The game lasted 00:00:02 (470 turns).

qw the Shooter (Deep Elf Hunter)                     Turns: 470, Time: 00:00:03

Health: 0/20       AC:  6    Str: 10    XL:     3   Next: 16%
Magic:  5/5        EV: 11    Int: 13    God:
Gold:   58         SH:  0    Dex: 18    Spells: 2/2 levels left

rFire   . . .        a - +0 shortbow
rCold   + . .        (shield currently unavailable)
rNeg    . . .        d - +1 ring mail
rPois   .            (no helmet)
rElec   .            (no cloak)
rCorr   .            (no gloves)
SInv    .            (no boots)
Will    .....        (no amulet)
Stlth   +            e - ring of protection from cold
HPRegen 0.23/turn    (no ring)
MPRegen 0.09/turn

%: no passive effects
@: lethally poisoned (0 -> -2)
A: no striking features
a: no special abilities


You were on level 1 of the Dungeon.
You visited 1 branch of the dungeon, and saw 1 of its levels.

You collected 58 gold pieces.


   Skills:
 - Level 1.5 Fighting
 + Level 6.7 Ranged Weapons
 - Level 2.4 Dodging
 - Level 1.2 Stealth


You had 2 spell levels left.
You didn't know any spells.
Your spell library was empty.

Inventory:

Hand Weapons
 a - a +0 shortbow (weapon)
Armour
 d - a +1 ring mail (worn)
Jewellery
 e - a ring of protection from cold (left hand)

Dungeon Overview and Level Annotations

Branches:
Dungeon (1/15)

Altars:


Message History

459 ||| READING scroll labelled BUEHEESOCI.
The air fills with toxic fumes!
As you read the scroll labelled BUEHEESOCI, it crumbles to dust.
It was a scroll of poison.
Done exploring.
460 ||| DROPPING scroll of butterflies.
You drop a scroll of butterflies.
Done exploring.
461 ||| DROPPING scroll of fog.
You drop a scroll of fog.
Done exploring.
What level of the Dungeon? (default 1, ? - help) Sorry, I don't know how to get there.
Enter note:
Enter note:
Enter note:
Enter note:
Enter note:
Enter note:
Enter note:
Enter note:
Enter note: You are engulfed in poison gas.
You are poisoned.
You feel very sick.
463 ||| Stepping ~*~*~tactically~*~*~ (cloud).
You feel very sick.
Things that are here:
a scroll of fog; a scroll of butterflies
There is a lethal amount of poison in your body!
You feel sick.
There is a lethal amount of poison in your body!
You feel sick.
There is a lethal amount of poison in your body!
You feel sick.
There is a lethal amount of poison in your body!
You feel sick.
There is a lethal amount of poison in your body!
You feel sick.
There is a lethal amount of poison in your body!
You feel sick.
There is a lethal amount of poison in your body!
You die...

######## #.¤¤00¤#
#.¤¤¤00########
#.¤00000#.0¤.¤###### ###
#.00¤...0.0.¤¤¤##..### #..
#.¤¤¤00.¤00¤00¤0##...###.#
#.00000.000¤0¤0¤##.#..##.#
#..0¤0.¤¤@.0000.##.......#
#.¤¤.0000.000¤00#####....#
#.00.0..00...0.¤......#...
#.¤.¤¤¤.0¤¤0....#######...
##.¤¤.000¤¤¤00¤¤# ####
##0000.00¤¤0.#0### #.(
####¤#¤¤0##0#...#######.
#¤¤0#¤##00...#~~~~...
##..#.####...~~~~~...


There were no monsters in sight!

Vanquished Creatures
  2 dart slugs (D:1)
  2 endoplasms (D:1)
  2 giant cockroaches (D:1)
  5 goblins (D:1)
  4 jackals (D:1)
  A ball python (D:1)
  4 bats (D:1)
  3 frilled lizards (D:1)
  4 kobolds (D:1)
  2 rats (D:1)
29 creatures vanquished.

Notes
Turn   | Place    | Note
-------+----------+-------------------------------------------
     0 | D:1      | qw the Deep Elf Hunter began the quest for the Orb.
     0 | D:1      | Reached XP level 1. HP: 12/12 MP: 3/3
     0 | D:1      | 0 ||| qw: Version: 0.3-a-155-g5e7d8dd
     0 | D:1      | 0 ||| qw: Game counter: 1473
     0 | D:1      | 0 ||| qw: Melee chars always use a shield: true
     0 | D:1      | 0 ||| qw: God list: Okawaru
     0 | D:1      | 0 ||| qw: Allow faded altars: false
     0 | D:1      | 0 ||| qw: Do Orc after clearing Dungeon:15 true
     0 | D:1      | 0 ||| qw: Do second Lair branch before Depths: true
     0 | D:1      | 0 ||| qw: Lair rune preference: random
     0 | D:1      | 0 ||| qw: Goals: Normal
     0 | D:1      | 0 ||| PLANNING D:1-11
   107 | D:1      | Reached XP level 2. HP: 16/16 MP: 4/4
   108 | D:1      | Reached skill level 6 in Ranged Weapons
   252 | D:1      | Reached XP level 3. HP: 20/20 MP: 5/5
   438 | D:1      | 438 ||| UPGRADING to +0 ring mail.
   448 | D:1      | 448 ||| DROPPING +0 leather armour.
   449 | D:1      | 449 ||| UPGRADING to ring of protection from cold.
   450 | D:1      | 450 ||| DROPPING +6 ring of intelligence.
   451 | D:1      | 451 ||| READING scroll labelled VOTIPY SU DUDO.
   452 | D:1      | 452 ||| READING 2 scrolls labelled GOIXTUESTI.
   453 | D:1      | 453 ||| READING scroll labelled JOES BAYNEME.
   453 | D:1      | 453 ||| ENCHANTING +0 ring mail.
   454 | D:1      | 454 ||| READING scroll labelled YTEABAQ BUNN.
   459 | D:1      | 459 ||| READING scroll labelled BUEHEESOCI.
   460 | D:1      | 460 ||| DROPPING scroll of butterflies.
   461 | D:1      | 461 ||| DROPPING scroll of fog.
   463 | D:1      | 463 ||| Stepping ~*~*~tactically~*~*~ (cloud).
   465 | D:1      | HP: 5/20 [poisoned by you (poison gas)]
   467 | D:1      | HP: 2/20 [poisoned by you (poison gas)]
   470 | D:1      | Succumbed to their own poison gas

Levels and vault maps discovered:
D:1:      dpeg_arrival_pond, layout_rooms, minmay_pentomino_q2

Skill      XL: |  1  2 |
---------------+-------+-----
Ranged Weapons | 6 |  6.7
Fighting       | |  1.5
Dodging        | |  2.4
Stealth        | |  1.2

Action                     || total
---------------------------++-------
   Fire: Shortbow          ||    68
    Use: Scroll            ||     5
 Armour: Leather armour    ||    11
  Dodge: Dodged            ||    16

Table legend:
 A = Non-vault XP
 B = Vault XP
 C = Vault XP percentage of total XP
 D = Non-vault monster count
 E = Vault monster count
 F = Vault count percentage of total count
                 A         B        C        D         E       F
            +---------+---------+-------+---------+---------+-------
      Total |      44 |       6 |  12.0 |      27 |       2 |   6.9
            +---------+---------+-------+---------+---------+-------
        D:1 |      44 |       6 |  12.0 |      27 |       2 |   6.9
            +---------+---------+-------+---------+---------+-------
